Cogmind - Beta 16 @@@ ROGUE MODE // 2025.12.30 @ 23:39:16 Player: Skergy Result: Destroyed by G-47 Trooper with Particle Gun Performance ------------- Evolutions (2) 1000 Regions Visited (6) 1200 Robots Destroyed (40) 200 Value Destroyed (1037) 1037 Prototype IDs (1) 20 Alien Tech Used (0) 0 Bonus (-3) -3 TOTAL SCORE: 3454 Bonus ------- Follower Combat Kills 70 Friendly Fire -73 Cogmind --------- Core Integrity 0/550 Matter 253/300 Energy 5/100 System Corruption 1% Temperature Cool (20) Movement Flying (40) Location -8/Storage Parts ------- > --- POWER (1) -------- (None) > --- PROPULSION (4) --- Flight Unit Flight Unit > --- UTILITY (4) ------ Improved Signal Interpreter > --- WEAPON (2) ------- (None) > --- INVENTORY (5) ---- Experimental Sensor Array Hardlight Generator Small Laser Datajack Flail Peak State ------------ > --- POWER ------------ Fission Core > --- PROPULSION ------- Aluminum Leg Aluminum Leg Aluminum Leg Aluminum Leg > --- UTILITY ---------- High-capacity Storage Unit Improved Signal Interpreter Seismic Detector Phase Shifter > --- WEAPON ----------- Improved Grenade Launcher Improved Grenade Launcher > --- INVENTORY -------- Nuclear Core Light Nuclear Core Light Treads Flight Unit Flight Unit Flight Unit Flight Unit VTOL Module Heat Sink Experimental Sensor Array Light Armor Plating Hardlight Generator Small Laser Particle Cannon Light Assault Rifle Flail [Rating: 28] Favorites ----------- Power Fission Core Engine Ion Engine Power Core Fission Core Propulsion Aluminum Leg Treads Light Treads Leg Aluminum Leg Flight Unit Flight Unit Utility Seismic Detector Device Seismic Detector Storage High-capacity Storage Unit Processor Improved Signal Interpreter Protection Light Armor Plating Weapon Assault Rifle Energy Gun Heavy EM Pulse Gun Energy Cannon Beam Cannon Ballistic Gun Assault Rifle Ballistic Cannon Assault Cannon Launcher Rocket Launcher Impact Weapon Flail Slashing Weapon Mining Claw Build | -11 -10 -10 -10 -9 -8 -8 ------- Run | Yrd Mat Min Exi Min Mat Sto Slots Evolved 4 | . . . . . 4 . Power . | . . . . . . . Propulsion 2 | . . . . . 2 . Utility 2 | . . . . . 2 . Weapon . | . . . . . . . Parts Attached 40 | 8 3 5 1 4 7 12 Power 3 | 2 . 1 . . . . Engine 2 | 2 . . . . . . Core 1 | . . 1 . . . . Reactor . | . . . . . . . Propulsion 15 | 2 . 2 . 2 1 8 Treads 3 | 2 . . . . . 1 Leg 8 | . . 2 . 2 1 3 Wheel . | . . . . . . . Hover . | . . . . . . . Flight 4 | . . . . . . 4 Utility 8 | 1 2 1 1 1 2 . Device 3 | . 1 1 . . 1 . Storage 2 | 1 . . . 1 . . Processor 2 | . . . 1 . 1 . Hackware . | . . . . . . . Protection 1 | . 1 . . . . . Artifact . | . . . . . . . Weapon 14 | 3 1 1 . 1 4 4 Energy Gun 2 | 1 . . . . 1 . Energy Cannon 2 | . . 1 . . 1 . Ballistic Gun 4 | 2 . . . . . 2 Ballistic Cannon 1 | . . . . . . 1 Launcher 3 | . . . . 1 2 . Special Weapon . | . . . . . . . Impact Weapon 1 | . . . . . . 1 Slashing Weapon 1 | . 1 . . . . . Piercing Weapon . | . . . . . . . Special Melee Weapon . | . . . . . . . Unidentified Prototypes 1 | . . . . . . 1 Parts Lost 26 | . . 2 . 3 2 19 Power 1 | . . . . . . 1 Propulsion 12 | . . 1 . 1 . 10 Utility 2 | . . . . . . 2 Weapon 11 | . . 1 . 2 2 6 Highest Loss Streak 15 | . . 1 . 2 2 15 To Critical Strikes 1 | . . 1 . . . . Average Backups 11 | 2 6 7 7 10 16 17 Power . | . 1 . . . 1 1 Propulsion 4 | 1 2 2 2 3 7 6 Utility 3 | . 1 2 3 4 3 3 Weapon 2 | . 2 2 2 2 3 3 Tool/Special . | . . . . . . . Unused Backups 9 | . . 1 . 1 . 7 Power 2 | . . . . . . 2 Propulsion 1 | . . 1 . . . . Utility 3 | . . . . . . 3 Weapon 2 | . . . . 1 . 1 Tool/Special 1 | . . . . . . 1 Average Slot Usage (%) 95 | . 98 99 100 99 96 75 Engine 3 | . 14 9 . . . . Core 8 | . . 4 14 14 9 5 Treads 6 | . 27 14 . . . 1 Leg 22 | . . 13 28 28 35 23 Device 9 | . 11 14 13 . 17 11 Storage 12 | . 14 14 14 14 9 8 Processor 7 | . . . . 14 9 9 Energy Gun 1 | . . . . . 3 5 Energy Cannon 6 | . . 1 14 14 3 1 Ballistic Gun 10 | . 22 23 14 9 . 1 Launcher 3 | . . . . 4 9 . Slashing Weapon 1 | . 4 2 . . . . Peak Build Rating 28 | 6 7 16 16 19 28 27 Average Rating 16 | 4 6 9 16 17 25 20 On Entrance 12 | . 6 7 16 16 13 27 Avg Prop Armor Cover (%) 7 | . . 7 . . . 10 Naked Turns . | . . . . . . . Heaviest Build 62 | 14 17 21 21 57 62 61 Greatest Support 40 | 40 40 40 30 30 40 40 Greatest Overweight (x) 14 | . . . . 5 1 14 Average Overweight (x) . | . . . . . 1 1 Largest Inventory Capacity 20 | 8 8 8 8 20 20 20 Average Capacity 14 | 6 8 8 8 15 20 19 Most Carried 20 | 4 8 8 7 18 18 20 Average Carried 11 | 2 6 7 7 10 16 17 Final Capacity 20 | 8 8 8 8 20 20 5 Final Carried 18 | 4 8 7 7 18 18 5 Class Distribution -------------------- 72% | Mutant 27% | Scavenger-Mutant Dominant Class ---------------- Mutant | -10/Materials Mutant | -10/Mines Mutant | -10/Exiles Mutant | -9/Mines Scavenger-Mutant | -8/Materials Scavenger-Mutant | -8/Storage Resources | -11 -10 -10 -10 -9 -8 -8 ----------- Run | Yrd Mat Min Exi Min Mat Sto Matter Collected 998 | 213 59 259 . 106 91 270 Remotely . | . . . . . . . Salvage Created 905 | . 73 94 . 182 128 428 Parts 61 | . 6 6 . 20 12 17 Haulers Intercepted . | . . . . . . . Recyclers Shooed . | . . . . . . . Parts Field Recycled . | . . . . . . . Retrieved Matter . | . . . . . . . Parts Self-Destructed . | . . . . . . . Prevented . | . . . . . . . Parts Restored . | . . . . . . . Kills | -11 -10 -10 -10 -9 -8 -8 ------- Run | Yrd Mat Min Exi Min Mat Sto Combat Hostiles Destroyed 36 | . 3 5 . 10 8 10 Guns 12 | . 3 4 . 2 . 3 Cannons 7 | . . 1 . 3 . 3 AOE 16 | . . . . 5 8 3 Classes Destroyed 10 | . 2 . . . 2 6 Worker 2 | . . . . . 2 . Builder 1 | . . . . . . 1 Recycler 1 | . . . . . . 1 Swarmer 18 | . 2 5 . 7 4 . Grunt 12 | . 1 . . 3 3 5 Brawler 1 | . . . . . . 1 Duelist 1 | . . . . . . 1 Protector 1 | . . . . . . 1 Sentry 2 | . . . . . 1 1 Hunter 1 | . . . . . . 1 Best Kill Streak 10 | . 3 3 . 4 10 10 Combat Bots Only 8 | . 3 3 . 4 8 8 Max Kills in Single Turn 4 | . 1 1 . 4 4 4 Gunslinging . | . . . . . . . Exploded 4 | . . . . 4 3 2 Melee . | . . . . . . . Uniques/NPCs Destroyed . | . . . . . . . Combat | -11 -10 -10 -10 -9 -8 -8 -------- Run | Yrd Mat Min Exi Min Mat Sto Hostile Shots Fired 317 | . 38 56 . 54 22 147 Missed 85 | . 11 12 . 15 7 40 Hits 232 | . 27 44 . 39 15 107 Melee 1 | . . . . . . 1 Projectile 231 | . 27 44 . 39 15 106 Critical Strikes 9 | . . 1 . 1 . 7 Damage Taken 3158 | . 227 407 . 433 208 1883 Core 678 | . 6 59 . 50 . 563 Absorbed by Shields . | . . . . . . . Core Remaining (%) 77 | 100 . . . 54 . . Volleys Fired 76 | . 14 15 . 12 7 28 Largest 2 | . 2 2 . 2 2 2 Hottest 113 | . 40 80 . 93 72 113 Shots Fired 129 | . 28 27 . 21 9 44 Gun 74 | . 28 21 . 7 . 18 Cannon 42 | . . 6 . 12 . 24 Launcher 13 | . . . . 2 9 2 Special . | . . . . . . . Kinetic 82 | . 28 21 . 7 . 26 Thermal 30 | . . 6 . 12 . 12 Explosive 13 | . . . . 2 9 2 Electromagnetic 4 | . . . . . . 4 Robot Hit Streak 5 | . 4 3 . 4 5 5 Robot Miss Streak 5 | . 4 5 . 2 1 3 Penetration Max . | . . . . . . . Secondary Targets 1 | . 1 . . . . . Max Gunslinging Chain 1 | . 1 . . . . . Shots Hit Robots 71 | . 11 13 . 12 6 29 Core Hits 65 | . 4 7 . 11 20 23 Critical Kills 1 | . . . . 1 . . Critical Parts Destroyed 1 | . 1 . . . . . Critical Strikes 2 | . 1 . . 1 . . Destroy 2 | . 1 . . 1 . . Melee Attacks 7 | . 1 3 . . . 3 Impact 3 | . . . . . . 3 Slashing 4 | . 1 3 . . . . Piercing . | . . . . . . . Sneak Attacks . | . . . . . . . Combat Hostiles . | . . . . . . . Follow-up Attacks . | . . . . . . . Damage Inflicted 2688 | . 173 175 . 466 686 1188 Guns 475 | . 173 135 . 38 . 129 Cannons 462 | . . 17 . 142 . 303 Explosions 1694 | . . . . 283 686 725 Melee 54 | . . 23 . . . 31 Ramming 3 | . . . . 3 . . Kinetic 572 | . 173 135 . 38 . 226 Thermal 302 | . . 17 . 142 . 143 Explosive 1694 | . . . . 283 686 725 Electromagnetic 63 | . . . . . . 63 Impact 31 | . . . . . . 31 Slashing 23 | . . 23 . . . . Piercing . | . . . . . . . Highest Corruption 1 | . . . . . . 1 Average Corruption 1 | . . . . . . 1 Corruption Purged . | . . . . . . . Corruption Blocked . | . . . . . . . Effects 3 | . . . . . . 3 Message Errors 2 | . . . . . . 2 Heat Flow Errors 1 | . . . . . . 1 Overload Shots . | . . . . . . . Overflow Damage 45 | . . 3 . 9 14 19 Projectiles 17 | . . . . 9 . 8 Explosions 24 | . . . . . 14 10 Melee 4 | . . 3 . . . 1 Knockbacks 1 | . . . . . . 1 Impact . | . . . . . . . Kinetic 1 | . . . . . . 1 Secondary . | . . . . . . . Self-Inflicted Damage 74 | . . . . . 45 29 Shots 2 | . . . . . 1 1 Rammed . | . . . . . . . Targets Rammed 1 | . . . . 1 . . Kicked 1 | . . . . 1 . . Crushed . | . . . . . . . Highest Temperature 335 | . . 108 . 162 24 335 Average Temperature 99 | . . 46 . 72 14 148 Received Heat Transfer 1212 | . 12 . . 174 27 999 Siege Activations . | . . . . . . . Martial Activations . | . . . . . . . Shielding Activations . | . . . . . . . Robots Disrupted . | . . . . . . . Combat Hostiles . | . . . . . . . Robots Corrupted 1 | . . . . . . 1 Combat Hostiles 1 | . . . . . . 1 Parts Fried 2 | . . . . . . 2 Impact Corruptions 1 | . . . . . . 1 Robots Melted . | . . . . . . . Combat Hostiles . | . . . . . . . Parts Melted . | . . . . . . . Heat Transferred 582 | . . 37 . 296 . 249 Parts Sabotaged . | . . . . . . . Parts Stolen . | . . . . . . . Parts Stripped . | . . . . . . . Power Chain Reactions . | . . . . . . . Alert | -11 -10 -10 -10 -9 -8 -8 ------- Run | Yrd Mat Min Exi Min Mat Sto Maximum Alert Level 1 | . . . . . 1 . Low Security (%) 95 | 100 100 100 . 100 79 100 Level 1 4 | . . . . . 20 . Level 2 . | . . . . . . . Level 3 . | . . . . . . . Level 4 . | . . . . . . . Level 5 . | . . . . . . . High Security . | . . . . . . . Max Security . | . . . . . . . Peak Influence 243 | . 95 120 . 104 243 127 Initial 55 | . . 10 . . 29 55 Average 47 | . 42 19 . 20 105 61 Influence Increases 1242 | . 159 150 . 255 272 406 Destroy 0b10 Robot/C 740 | . 60 100 . 200 160 220 Destroy 0b10 Robot/NC 35 | . . . . . 10 25 Destroy Leader 120 | . . 20 . 30 30 40 Allied During Kill 11 | . . . . . . 11 Successful Hack 33 | . 24 . . . 9 . Disable Machine 90 | . 15 . . . 30 45 Destroy Structure 78 | . . . . 25 33 20 Lose Combat Pursuer 135 | . 60 30 . . . 45 Influence Decreases 1190 | . 130 69 110 179 217 485 Entered New Map 252 | . . 19 110 . 47 76 Time Decay 659 | . 130 40 . 149 160 180 Lost Part 239 | . . 10 . 30 10 189 Lost Ally 40 | . . . . . . 40 Squads Dispatched 4 | . . . . . 1 3 Investigation . | . . . . . . . Extermination . | . . . . . . . Reinforcement 2 | . . . . . 1 1 Assault 2 | . . . . . . 2 Garrison . | . . . . . . . Intercept . | . . . . . . . Searches Triggered . | . . . . . . . Construction Impeded 2 | . . . . . 1 1 Haulers Reinforced . | . . . . . . . Active Scanning Responses . | . . . . . . . Cargo Convoy Interrupts . | . . . . . . . Stealth | -11 -10 -10 -10 -9 -8 -8 --------- Run | Yrd Mat Min Exi Min Mat Sto Distress Signals 2 | . 2 . . . . . Communications Jammed . | . . . . . . . Distress Signals . | . . . . . . . Times Spotted 65 | . 8 13 . 13 8 23 Peak Tracking Total 10 | . 6 3 . 4 5 10 Tactical Retreats 8 | . 3 2 . . . 3 Traps | -11 -10 -10 -10 -9 -8 -8 ------- Run | Yrd Mat Min Exi Min Mat Sto Traps Triggered 3 | . 1 . . . . 2 Indirectly . | . . . . . . . Trap Hack Attempts . | . . . . . . . Triggered . | . . . . . . . Disarmed . | . . . . . . . Reprogrammed . | . . . . . . . Reused . | . . . . . . . Traps Extracted . | . . . . . . . Installed . | . . . . . . . Triggered . | . . . . . . . Machines | -11 -10 -10 -10 -9 -8 -8 ---------- Run | Yrd Mat Min Exi Min Mat Sto Machines Disabled 6 | . 1 . . . 2 3 Max in Single Turn 1 | . 1 . . . 1 1 Machines Repaired . | . . . . . . . Machines Dismantled . | . . . . . . . Machines Sabotaged . | . . . . . . . Overloaded Fab Kills . | . . . . . . . Hacking | -11 -10 -10 -10 -9 -8 -8 --------- Run | Yrd Mat Min Exi Min Mat Sto Machines Accessed 7 | . 5 . . . 2 . Terminals 6 | . 4 . . . 2 . Fabricators . | . . . . . . . Repair Stations . | . . . . . . . Recycling Units 1 | . 1 . . . . . Scanalyzers . | . . . . . . . Garrison Access . | . . . . . . . Total Hacks 19 | . 13 . . . 6 . Successful 8 | . 5 . . . 3 . Failed 11 | . 8 . . . 3 . Catastrophic 2 | . 2 . . . . . Database Lockouts . | . . . . . . . Manual 15 | . 9 . . . 6 . Terminals 18 | . 12 . . . 6 . Fabricators . | . . . . . . . Repair Stations . | . . . . . . . Recycling Units 1 | . 1 . . . . . Scanalyzers . | . . . . . . . Garrison Access . | . . . . . . . Terminal Hacks 3 | . 3 . . . . . Branch Access Points 1 | . 1 . . . . . Scanalyzer Index 1 | . 1 . . . . . Hauler Manifests 1 | . 1 . . . . . Fabricator Hacks . | . . . . . . . Repair Station Hacks . | . . . . . . . Recycling Unit Hacks . | . . . . . . . Scanalyzer . | . . . . . . . Garrison Access Hacks . | . . . . . . . Unauthorized Hacks 5 | . 2 . . . 3 . Terminals 4 | . 1 . . . 3 . Botnet 3 | . 1 . . . 2 . Operators 1 | . . . . . 1 . Fabricators . | . . . . . . . Repair Stations . | . . . . . . . Recycling Units 1 | . 1 . . . . . Reject 1 | . 1 . . . . . Scanalyzers . | . . . . . . . Garrison Access . | . . . . . . . Data Cores Recovered . | . . . . . . . Used . | . . . . . . . Hacking Detections 6 | . 4 . . . 2 . Full Trace Events . | . . . . . . . Feedback Events . | . . . . . . . Feedback Blocked . | . . . . . . . Robot Schematics Acquired . | . . . . . . . Robots Built . | . . . . . . . Authchips . | . . . . . . . Time . | . . . . . . . Total Robot Build Rating . | . . . . . . . Part Schematics Acquired . | . . . . . . . Parts Built . | . . . . . . . Authchips . | . . . . . . . Time . | . . . . . . . Total Part Build Rating . | . . . . . . . Part Studies Acquired . | . . . . . . . Parts Repaired . | . . . . . . . Time . | . . . . . . . Parts Recycled . | . . . . . . . Recycled Matter . | . . . . . . . Retrieved Matter . | . . . . . . . Retrieved Components . | . . . . . . . Parts Scanalyzed . | . . . . . . . Part Schematics Acquired . | . . . . . . . Parts Damaged . | . . . . . . . Bothacking | -11 -10 -10 -10 -9 -8 -8 ------------ Run | Yrd Mat Min Exi Min Mat Sto Used RIF Installer . | . . . . . . . Robots Hacked . | . . . . . . . Non-combat . | . . . . . . . Combat . | . . . . . . . Robot Hacks Applied . | . . . . . . . Relay Couplers Released . | . . . . . . . Fabnet Peak Effective % . | . . . . . . . Robots Rewired . | . . . . . . . Allies Hacked . | . . . . . . . Hacks Repelled . | . . . . . . . Allies | -11 -10 -10 -10 -9 -8 -8 -------- Run | Yrd Mat Min Exi Min Mat Sto Total Allies 2 | . . . . . . 2 Largest Group 2 | . . . . . . 2 Highest-Rated Group 62 | . . . . . . 62 Highest-Rated Ally 31 | . . . . . . 31 Total Orders . | . . . . . . . Ally Attacks 29 | . . . . . . 29 Total Damage 503 | . . . . . . 503 Kills 4 | . . . . . . 4 Allies Corrupted . | . . . . . . . Allies Melted . | . . . . . . . Intel | -11 -10 -10 -10 -9 -8 -8 ------- Run | Yrd Mat Min Exi Min Mat Sto Active Infowar (turns) 1489 | . 310 295 152 . 464 268 Seismic 1489 | . 310 295 152 . 464 268 Robot Analysis Total . | . . . . . . . Derelict Logs Recovered 2 | . . 1 . 1 . . Drone Launches . | . . . . . . . Drone Recoveries . | . . . . . . . Exploration | -11 -10 -10 -10 -9 -8 -8 ------------- Run | Yrd Mat Min Exi Min Mat Sto Turns Passed 2408 | 68 383 295 153 678 467 364 Spaces Moved 1206 | 37 198 154 127 381 191 118 Core 10 | 4 . . . . . 6 Treads 339 | 33 198 106 . . . 2 Legs 848 | . . 48 127 381 191 101 Wheels . | . . . . . . . Hover . | . . . . . . . Flight 9 | . . . . . . 9 Fastest Speed 29 | 50 160 120 120 120 190 29 Average Speed 164 | 148 160 147 120 160 190 215 Slowest Speed 750 | 160 160 160 120 470 190 750 Overloaded Moves . | . . . . . . . Propulsion Burnouts . | . . . . . . . Robots Hopped . | . . . . . . . Potential Cave-ins . | . . . . . . . Cave-ins Triggered . | . . . . . . . Exploration Rate (%) 37 | 5 38 39 49 82 17 29 Regions Visited 6 Branch Regions 4 Pre-discovered Areas 1 | . . 1 . . . . Known Exits Taken 4 | . 1 . 1 1 1 . Unknown Exits Taken 2 | 1 . 1 . . . . Scrap Searched 4 | . . 1 . 3 . . Spaces Dug . | . . . . . . . Terrain Destroyed 81 | . . . . 27 35 19 Melee . | . . . . . . . Projectile 4 | . . . . . . 4 AOE 77 | . . . . 27 35 15 Terrain Rammed . | . . . . . . . Walls Destroyed . | . . . . . . . Machines Disabled . | . . . . . . . Actions | -11 -10 -10 -10 -9 -8 -8 --------- Run | Yrd Mat Min Exi Min Mat Sto Total 1490 | 47 232 190 127 429 285 180 Wait 107 | . 8 5 . 15 72 7 Move 1200 | 36 197 153 126 380 190 118 Hop . | . . . . . . . Pick Up 30 | 2 4 2 . 13 6 3 Fast Attach 19 | 7 5 1 . . 2 4 Attach 19 | . . 3 . 1 6 9 Detach 3 | 1 1 1 . . . . Swap 15 | 1 1 3 1 3 2 4 Drop 13 | . 1 4 . 4 . 4 Fire 76 | . 14 15 . 12 7 28 Melee 7 | . 1 3 . . . 3 Ram . | . . . . . . . Kick 1 | . . . . 1 . . Crush . | . . . . . . . Escape Stasis . | . . . . . . . Rewire . | . . . . . . . Trap . | . . . . . . . Miscellaneous . | . . . . . . . Route ------- -11/Scrapyard -10/Materials -10/Mines (discovered 2 exits: [*Mat] / [*Exi]) -10/Exiles -9/Mines -8/Materials -8/Storage History --------- Turn | Location | Event 5 | -11/Scrapyard | Discovered new exit (range 15) 69 | -11/Scrapyard | Entered Materials 312 | -10/Materials | Build established: Mutant 315 | -10/Materials | Discovered new exit (range 7) 372 | -10/Materials | Identified exit to Mines 452 | -10/Materials | Entered Mines 453 | -10/Mines | Assembled infested the area 458 | -10/Mines | Assisted by a Guerilla fighting off Assembled 668 | -10/Mines | Discovered new exit (range 9) 697 | -10/Mines | Learned location of Zion (-6) 742 | -10/Mines | Deemed a non-threat by the Exiles lab entrance 742 | -10/Mines | Discovered new exit (range 5) 747 | -10/Mines | Entered Exiles 776 | -10/Exiles | Met 8R-AWN 798 | -10/Exiles | Met EX-HEX 843 | -10/Exiles | Met EX-DEC 885 | -10/Exiles | Discovered new exit (range 12) 900 | -10/Exiles | Identified exit to Mines 900 | -10/Exiles | Entered Mines 922 | -9/Mines | Learned Materials security intel 937 | -9/Mines | Received a Rocket Launcher from a helpful Derelict 1015 | -9/Mines | Found a damaged Exp. Sensor Array with a note attached 1018 | -9/Mines | Found Prototype Device 1560 | -9/Mines | Discovered new exit (range 6) 1573 | -9/Mines | Identified exit to Materials 1578 | -9/Mines | Entered Materials 1578 | -8/Materials | Evolved 4 slots: Propulsion x2, Utility x2 1804 | -8/Materials | Discovered new exit (range 16) 1823 | -8/Materials | Destroyed 8 combat bots 1831 | -8/Materials | Identified exit to Storage 1881 | -8/Materials | Build established: Scavenger-Mutant 2045 | -8/Materials | Entered Storage 2189 | -8/Storage | Met a pair of Derelict thieves 2349 | -8/Storage | Destroyed 8 combat bots 2365 | -8/Storage | Core integrity fell below 50% 2374 | -8/Storage | Lost 15 parts (1p7n2u5w) 2394 | -8/Storage | Core integrity fell below 20% 2409 | -8/Storage | Destroyed by G-47 Trooper with Particle Gun Last Messages --------------- 02386_ K-01 Serf collects debris. 02387_ Acquired Carbon-fiber Leg. 02387_ U-05 Engineer lays Concrete. 02388_ Acquired 3 matter. 02389_ U-05 Engineer lays Concrete. 02393_ Critical hit (Burn: +37). 02393_ U-05 Engineer lays Concrete. 02396_ K-01 Serf destroyed. 02397_ U-05 Engineer builds a Door. 02397_ Critical hit (Burn: +37). 02399_ Dropped Hcp. Storage Unit. 02400_ Dropped Flight Unit. 02401_ U-05 Engineer lays Concrete. 02402_ Dropped Carbon-fiber Leg. 02402_ U-05 Engineer lays Concrete. 02404_ Acquired Flight Unit. 02407_ U-05 Engineer builds a Wall. 02407_ B-36 Bruiser destroyed. 02408_ VTOL Module destroyed. 02409_ Flight Unit destroyed. Map ----- +----------------------------------------------------+ | | | | | ????????????????#####????????????????? | | ???????????????? #?????????????? | | ????????????"??? """ #?????????????? | | ????????????"T "Y" #?????????????? | | ?????????????" """ #?????????????? | | ?????????????# """ #?????????????? | | ?????????????# """ ! #?????????????? | | ?????????????# *!#?????????????? | | ??????????????? !!#######?#?????? | | ###################+#### # #???!#? | | %! % % % # " #? | | =[ ! = % !!% / "!!!!#? | | % =%%%* u#####???? | | ###################+####%%=** #??????? | | #??????????# =##gg!###??????? | | #??????????# " "[# ! # #??????? | | "##??????????# """## =!###??????? | | ???????????# """## ! #????????? | | #??????????# ## %*#????????? | | !!#??????????# """## = #????????? | | ! !#??????????# """## #????????? | | ####??????????# ""??#=g #????????? | | ??????????????# ???# g #????????? | | ??????????????##"T""#???#@ #????????? | | ???????????????#"""#????# #????????? | | ????????????????????????# #????????? | | ????????????????????????# #????????? | | ????????????????????????# #????????? | | ????????????????????????# #????????? | | ????????????????????????# #????????? | | ????????????????????????# #????????? | | ????????????????????????# #????????? | | ????????????????????????? #????????? | | ????????????????????????? #????????? | | ????????????????????????? #????????? | | ????????????????????????? #????????? | | ????????????????????????? #????????? | | ????????????????????????? #????????? | | ????????????????????????? ?????????? | | ?????????????????????????????????????? | | ?????????????????????????????????????? | | ?????????????????????????????????????? | | ?????????????????????????????????????? | | ?????????????????????????????????????? | | ?????????????????????????????????????? | | ?????????????????????????????????????? | | ?????????????????????????????????????? | | ?????????????????????????????????????? | +----------------------------------------------------+ Best States ------------- Heat Dissipation 31 Energy Generation 18 Energy Capacity 310 Matter Stores 300 Matter Capacity 300 Sight Range 16 Terrain Scan Density 10 Armor Coverage 150 Phase Shifting 5 Evasion (%) 55 Recoil Reduction 2 Item Schematics ----------------- None Robot Schematics ------------------ None Fabricated ------------ Nothing Repaired ---------- Nothing Studied --------- None Alien Tech Used ----------------- None Achievements -------------- Hydra Challenges ------------ None Game ------ Seed AssembledChromionFalx Manual? 0 Play Time 00:23:57 Cumulative 93.1 hours Start 2025.12.30 @ 23:17:20 End 2025.12.30 @ 23:39:16 Sessions 1 Manual Loads 0 Difficulty Rogue Special Mode None Game No. 108 Rogue 108 Adventurer 0 Explorer 0 Win Type - Total 3 Types 3/0/0/0/0/0/0/0/0/0 Lore% 56 Gallery% 47 Achievement% 33 Wizard Run 0 Options --------- Layout 1 ASCII 0 Keyboard 1 Movement Vi Keybinds 0 Fullscreen 2 Font 24/Terminus Map View 50x35 Zoom Use 0% Tactical HUD 1 Map Filters NONE Filters NONE Steam 1 RUN: 25ec165e-d087-4864-9188-cf4670210a43